 Dungeon Crawl Stone Soup version 0.31-a0-237-g2d982f9f85 (webtiles) character file.

Game seed: 3537334612511171554

90 qw the Shooter (level 4, -1/26 HPs)
             Began as a Gargoyle Hexslinger on July 11, 2023.
             Slain by a water moccasin (2 damage)
             ... on level 3 of the Dungeon.
             The game lasted 00:00:41 (1893 turns).

qw the Shooter (Gargoyle Hexslinger)                Turns: 1893, Time: 00:00:42

Health: -1/26      AC:  5    Str: 12    XL:     4   Next: 56%
Magic:  5/5        EV: 12    Int: 13    God:
Gold:   91         SH:  0    Dex: 14    Spells: 4/5 levels left

rFire   . . .        Y - +1 sling
rCold   . . .        (no shield)
rNeg    + . .        c - +0 robe
rPois   inf          (no helmet)
rElec   +            (no cloak)
rCorr   .            (no gloves)
SInv    .            (no boots)
Will    +....        (no amulet)
Stlth   +            h - ring of willpower
HPRegen 0.24/turn    (no ring)
MPRegen 0.09/turn

%: no passive effects
@: no status effects
A: sickness immunity, AC +3, negative energy resistance 1, electricity
resistance, torment resistance 1, petrification resistance
a: no special abilities


You were on level 3 of the Dungeon.
You visited 1 branch of the dungeon, and saw 3 of its levels.

You collected 91 gold pieces.


Innate Abilities, Weirdness & Mutations

You are immune to sickness and miasma.
Your stone body is resilient. (AC +3)
You are immune to poison.
You resist negative energy. (rN+)
You are resistant to electric shocks. (rElec)
You are resistant to unholy torment.
You are immune to petrification.


   Skills:
 - Level 2.0 Fighting
 + Level 4.3 Ranged Weapons
 - Level 1.5 Dodging
 - Level 1.0 Spellcasting
 - Level 2.6 Hexes


You had 4 spell levels left.
You knew the following spells:

 Your Spells              Type           Power      Damage    Failure   Level
a - Slow                  Hex            28%        N/A       10%         1

Your spell library contained the following spells:

 Spells                   Type           Power      Damage    Failure   Level
 Inner Flame              Hex/Fire       4%         N/A       43%         3
 Portal Projectile        Hex/Tloc       8%         N/A       43%         3
 Cause Fear               Hex            3%         N/A       67%         4

Inventory:

Hand Weapons
 Y - a +1 sling (weapon)
Armour
 c - a +0 robe (worn)
Jewellery
 e - a ring of protection from fire
 h - a ring of willpower (left hand)
Scrolls
 a - 2 scrolls of identify
 b - a scroll of revelation {unknown}
Potions
 d - a potion of brilliance {unknown}
 g - a potion of haste

Dungeon Overview and Level Annotations

Branches:
Dungeon (3/15)

Altars:


Message History

You shoot a sling bullet. The sling bullet hits the endoplasm.
The endoplasm is severely wounded.
You shoot a sling bullet. The sling bullet hits the endoplasm.
You kill the endoplasm!
Found an escape hatch in the ceiling.
Enter note:
Enter note: A water moccasin comes into view.
Enter note:
Enter note: You shoot a sling bullet.
The water moccasin hisses angrily.
The sling bullet hits the water moccasin.
The water moccasin is lightly wounded.
The water moccasin bites you!
You shoot a sling bullet.
The sling bullet closely misses the water moccasin.
The water moccasin bites you. The water moccasin misses you.
You shoot a sling bullet.
The sling bullet barely misses the water moccasin.
The water moccasin bites you!
You shoot a sling bullet.
The sling bullet closely misses the water moccasin.
The water moccasin bites you.
The water moccasin bites you but does no damage.
You shoot a sling bullet.
The sling bullet hits the water moccasin.
The water moccasin is lightly wounded.
The water moccasin bites you but does no damage. x2
You shoot a sling bullet.
The sling bullet closely misses the water moccasin.
The water moccasin bites you.
You shoot a sling bullet.
The sling bullet hits the water moccasin!
The water moccasin is heavily wounded.
The water moccasin bites you. The water moccasin closely misses you.
You shoot a sling bullet.
The sling bullet misses the water moccasin.
The water moccasin bites you. x2
You die...

###########
..........#############
#########.............#
......##.............<##
#####.##.########.......
#.##.#...####.......
#####.##.#......@S......
......##.#...#####......
#####.##.##.## ##.##
#.##.##.# ##....##.#
##...####.# ##.#.#.###.#
#..........#
#..#.#.#####


You could see a water moccasin.

Vanquished Creatures
  4 adders (D:2)
  2 worms
  2 dart slugs (D:1)
  An orc (D:3)
  4 bats
  3 endoplasms
  3 giant cockroaches (D:1)
  4 goblins
  A hobgoblin (D:3)
  3 kobolds (D:2)
  4 quokkas
  7 ball pythons
  3 frilled lizards
  3 rats
44 creatures vanquished.

Notes
Turn   | Place    | Note
-------+----------+-------------------------------------------
     0 | D:1      | qw the Gargoyle Hexslinger began the quest for the Orb.
     0 | D:1      | Reached XP level 1. HP: 12/12 MP: 2/2
     0 | D:1      | 0 ||| qw: Version: 0.3-a-52-g30416fa
     0 | D:1      | 0 ||| qw: Game counter: 5776
     0 | D:1      | 0 ||| qw: Melee chars always use a shield: true
     0 | D:1      | 0 ||| qw: God list: Okawaru
     0 | D:1      | 0 ||| qw: Allow faded altars: false
     0 | D:1      | 0 ||| qw: Do Orc after clearing Dungeon:15 true
     0 | D:1      | 0 ||| qw: Do second Lair branch before Depths: true
     0 | D:1      | 0 ||| qw: Lair rune preference: random
     0 | D:1      | 0 ||| qw: Goals: Normal
     0 | D:1      | 0 ||| PLANNING D:1-11
   133 | D:1      | Reached XP level 2. HP: 16/16 MP: 3/3
   323 | D:1      | Reached skill level 3 in Ranged Weapons
   622 | D:1      | 622 ||| UPGRADING to ring of willpower.
   623 | D:1      | 623 ||| READING scroll labelled POJURY BEPES.
   624 | D:1      | 624 ||| READING scroll labelled LELOPO XOUR.
   625 | D:1      | 625 ||| READING scroll labelled ITSOOR VIRUC.
   628 | D:1      | 628 ||| READING scroll labelled AGEUHA EVITS.
   629 | D:1      | 629 ||| DRINKING 2 inky potions.
   630 | D:1      | 630 ||| DROPPING scroll of poison.
   741 | D:2      | Reached XP level 3. HP: 21/21 MP: 4/4
   949 | D:2      | Reached XP level 4. HP: 25/26 MP: 5/5
  1078 | D:2      | Reached skill level 4 in Ranged Weapons
  1633 | D:2      | 1633 ||| READING scroll labelled RUTWODI YTUTSI.
  1634 | D:2      | 1634 ||| READING 2 scrolls of identify.
  1634 | D:2      | 1634 ||| IDENTIFYING dark potion
  1635 | D:2      | 1635 ||| DROPPING potion of attraction.
  1885 | D:3      | Noticed a water moccasin
  1891 | D:3      | HP: 6/26 [water moccasin (2)]
  1893 | D:3      | HP: 1/26 [water moccasin (3)]
  1893 | D:3      | Slain by a water moccasin

Levels and vault maps discovered:
D:1:      zelgadis_glass_arrival_small, layout_loops_ring
D:2:      layout_basic, hangedman_feature_mirror
D:3:      layout_loops_ring, ebering_ecumenical_altar_hall

Skill      XL: |  1  2  3  4 |
---------------+-------------+-----
Ranged Weapons | 3 4 |  4.3
Fighting       | 2 |  2.0
Dodging        | |  1.5
Spellcasting   | |  1.0
Hexes          | |  2.6

Action                     |  1- 3 |  4- 6 || total
---------------------------+-------+-------++-------
   Fire: Sling             |   101 |    54 ||   155
    Use: Scroll            |     4 |     2 ||     6
         Potion            |     1 |       ||     1
 Armour: Robe              |    13 |     5 ||    18
  Dodge: Dodged            |    31 |     7 ||    38

Table legend:
 A = Non-vault XP
 B = Vault XP
 C = Vault XP percentage of total XP
 D = Non-vault monster count
 E = Vault monster count
 F = Vault count percentage of total count
                 A         B        C        D         E       F
            +---------+---------+-------+---------+---------+-------
      Total |     129 |       0 |   0.0 |      44 |       0 |   0.0
            +---------+---------+-------+---------+---------+-------
        D:1 |      26 |       0 |   0.0 |      13 |       0 |   0.0
        D:2 |      85 |       0 |   0.0 |      22 |       0 |   0.0
        D:3 |      18 |       0 |   0.0 |       9 |       0 |   0.0
            +---------+---------+-------+---------+---------+-------
